 Dungeon Crawl Stone Soup version 0.32-a0-468-g38b2580584 (webtiles) character file.

Game seed: 14525017565666767054

548 shoop the Cudgeller (level 7, -3/35 HPs)
             Began as a Vine Stalker Fighter on Feb 25, 2024.
             Slain by Pikel
             ... wielding a +2 whip of flaming
              (5 damage)
             ... on level 5 of the Dungeon.
             The game lasted 00:05:46 (3682 turns).

shoop the Cudgeller (Vine Stalker Fighter)          Turns: 3682, Time: 00:05:47

Health: -3/35      AC: 14    Str: 21    XL:     7   Next: 28%
Magic:  0/8        EV:  9    Int:  8    God:
Gold:   109        SH:  5    Dex: 19    Spells: 6/6 levels left

rFire   . . .        r - +4 hammer of Discomfort {protect, Dex+6 Stlth+}
rCold   . . .        c - +0 buckler
rNeg    . . .        b - +0 scale mail
rPois   .            (no helmet)
rElec   .            (no cloak)
rCorr   .            q - +0 pair of gloves
SInv    .            (no boots)
Will    .....        (no amulet)
Stlth   +            (no ring)
HPRegen 1.05/turn    (no ring)
MPRegen 0.11/turn

%: guardian spirit
@: under a protective aura
A: fangs 2, regeneration 1, magic shield, antimagic bite, no potion heal 2
a: no special abilities


You were on level 5 of the Dungeon.
You visited 1 branch of the dungeon, and saw 5 of its levels.

You collected 169 gold pieces.
You spent 60 gold pieces at shops.

Inventory:

Hand Weapons
 a - a +0 flail
 r - the +4 hammer of Discomfort (weapon) {protect, Dex+6 Stlth+}
   (You found it on level 2 of the Dungeon)

   Dex+6:     It affects your dexterity (+6).
   Stlth+:    It makes you more stealthy.
Armour
 b - a +0 scale mail (worn)
 c - a +0 buckler (worn)
 q - a +0 pair of gloves (worn)
Jewellery
 g - a ring of wizardry
Wands
 u - a wand of mindburst (13)
Scrolls
 i - a scroll of blinking {unknown}
 j - a scroll of identify {unknown}
 l - 2 scrolls of teleportation {unknown}
 m - 2 scrolls of revelation {unknown}
 p - 2 scrolls of poison {unknown}
 s - a scroll of amnesia {unknown}
 t - a scroll of immolation {unknown}
Potions
 d - 2 potions of might
 e - 2 potions of curing {unknown}
 f - a potion of enlightenment {unknown}
 h - 3 potions of mutation {unknown}
 k - a potion of degeneration {unknown}
 n - a potion of attraction
 o - 2 potions of lignification
 v - a potion of resistance {unknown}
 w - a potion of brilliance {unknown}


   Skills:
 - Level 2.7 Fighting
 * Level 6.7 Maces & Flails
 - Level 2.4 Armour
 - Level 2.7 Shields
 + Level 2.0 Evocations


You had 6 spell levels left.
You didn't know any spells.
Your spell library contained the following spells:

 Spells                   Type           Power      Damage    Failure   Level
 Magic Dart               Conj           0%         1d3       83%         1
 Searing Ray              Conj           0%         2d4       92%         2
 Fulminant Prism          Conj/Alch      0%         3d5       100%        4


Dungeon Overview and Level Annotations

Branches:
Dungeon (5/15)
 Temple: D:4-7

Altars:
Cheibriados
Nemelex Xobeh

Shops:
D:2 !   D:4 *   D:5 =

Annotations:
D:2 1 runed translucent door, Crazy Yiuf
D:4 2 transporters, Sabo's ghost, novice MDMo; Sigmund
D:5 Pikel


Innate Abilities, Weirdness & Mutations

You have extremely sharp teeth.
Your natural rate of healing is unusually fast.
When hurt, damage is shared between your health and your magic reserves.
Your bite disrupts and absorbs the magic of your enemies.
Potions cannot restore your health.


Message History

You thump Pikel!
Pikel is moderately wounded.
Pikel misses you.
You sock Pikel! You bite Pikel. You drain his power.
You feel invigorated.
Pikel is heavily wounded.
Pikel closely misses you.
You hit Pikel. You bite Pikel, but do no damage.
Pikel is heavily wounded.
Pikel hits you but does no damage.
You hit Pikel.
Pikel is severely wounded.
You block Pikel's attack.
You hit Pikel. You bite Pikel. You drain his power.
Pikel is severely wounded.
Pikel hits you but does no damage.
You hit Pikel but do no damage.
Pikel is severely wounded.
The lemure hits you.
Pikel hits you with a +2 whip of flaming!
Pikel burns you.
You hit Pikel but do no damage. Your bite misses Pikel.
Pikel is severely wounded.
Pikel hits you with a +2 whip of flaming!
Pikel burns you. You block the lemure's attack.
The lemure hits you but does no damage.
You hit Pikel.
Pikel is almost dead.
You block the lemure's attack. Pikel barely misses you. The lemure hits you.
* * * LOW HITPOINT WARNING * * *
The lemure hits you but does no damage. Pikel hits you but does no damage.
You block the lemure's attack.
Unknown command.
You hit Pikel. Your bite misses Pikel.
Pikel is almost dead.
The lemure completely misses you.
Pikel hits you with a +2 whip of flaming!
* * * LOW HITPOINT WARNING * * *
Pikel burns you.
You die...
Pikel says, "See you in Hell!"

###......... .
........... ...
#.#........#
#...##.............?
#...............#.##
#####...............
#....[.!.....[..
######..K......$# #.##
...>....@5.......# #..##
.........5......###.##..#
.......##.............<..
...........<.........).K.
.##...##########.........
###. #......... #.
###.###... #. #..# # #.#.


You could see Pikel and 2 lemures.

Vanquished Creatures
  An ogre (D:4)
  2 lemures
  A phantom (D:4)
  Blork the orc (D:5)
  A scorpion (D:4)
  A bombardier beetle (D:4)
  2 hounds (D:4)
  A sleepcap (D:5)
  Ijyb (D:4)
  A gnoll (D:1)
  3 adders
  3 dart slugs
  A ribbon worm (D:2)
  4 orcs
  3 bats
  10 endoplasms
  2 giant cockroaches
  A goblin (D:3)
  5 hobgoblins
  6 jackals
  3 quokkas (D:1)
  8 ball pythons
  6 frilled lizards
  7 kobolds
  9 rats
83 creatures vanquished.

Notes
Turn   | Place    | Note
-------+----------+-------------------------------------------
     0 | D:1      | shoop the Vine Stalker Fighter began the quest for the Orb.
     0 | D:1      | Reached XP level 1. HP: 11/11 MP: 2/2
    92 | D:1      | Reached skill level 2 in Maces & Flails
    99 | D:1      | Reached XP level 2. HP: 14/16 MP: 1/3
   351 | D:1      | Reached skill level 3 in Maces & Flails
   352 | D:1      | Reached XP level 3. HP: 15/19 MP: 2/4
   367 | D:1      | Found a faded altar of an unknown god.
  1037 | D:2      | Found Repos's Distillery.
  1042 | D:2      | Bought a potion of attraction for 30 gold pieces
  1042 | D:2      | Bought a potion of lignification for 30 gold pieces
  1322 | D:2      | Reached XP level 4. HP: 23/23 MP: 5/5
  1532 | D:2      | Found a runed translucent door.
  1533 | D:2      | Identified the +4 hammer of Discomfort {protect, Dex+6
                  | Stlth+}
  1533 | D:2      | Noticed Crazy Yiuf
  2099 | D:3      | Reached skill level 4 in Maces & Flails
  2747 | D:4      | Noticed an ogre
  2755 | D:4      | Killed an ogre
  2756 | D:4      | Reached skill level 5 in Maces & Flails
  2756 | D:4      | Reached XP level 5. HP: 27/27 MP: 6/6
  2765 | D:4      | Noticed a phantom
  2776 | D:4      | Killed a phantom
  2777 | D:4      | Reached XP level 6. HP: 32/32 MP: 7/7
  2777 | D:4      | Found Loidot's Assorted Antiques.
  2848 | D:4      | Found a snail-covered altar of Cheibriados.
  2856 | D:4      | Noticed Ijyb
  2982 | D:4      | Killed Ijyb
  3016 | D:4      | Noticed Sabo's ghost (novice MDMo)
  3017 | D:4      | Found a transporter.
  3029 | D:4      | Found a transporter.
  3068 | D:4      | Found a sparkling altar of Nemelex Xobeh.
  3081 | D:4      | Reached skill level 6 in Maces & Flails
  3167 | D:4      | Noticed Sigmund
  3205 | D:4      | Reached skill level 1 in Evocations
  3347 | D:4      | Reached XP level 7. HP: 35/35 MP: 6/8
  3583 | D:5      | Entered Level 5 of the Dungeon
  3583 | D:5      | Noticed Blork the orc
  3583 | D:5      | Found Ifuvvaan's Jewellery Boutique.
  3589 | D:5      | Killed Blork the orc
  3602 | D:5      | Noticed Pikel
  3682 | D:5      | Slain by Pikel

Illustrated notes

Levels and vault maps discovered:
D:1:      dpeg_arrival_rooms_with_view, layout_basic,
          shapermc_ecumenical_altar_starsandcircs, minmay_vboxes
D:2:      layout_loops_corners, serial_shops, nicolae_shop_hallway_stairs,
          nicolae_kite_square_tiling_tiny, minivault_19, uniq_crazy_yiuf_cottage
D:3:      layout_basic
D:4:      layout_gridville, mainiacjoe_overflow_small_starburst,
          mainiacjoe_overflow_concentric_impassable, serial_shops, shop,
          gammafunk_ghost_arena, minmay_misc_feat_room, uniq_ijyb, uniq_sigmund
D:5:      layout_rooms, elyvilon_altar_3, serial_shops, shop, uniq_pikel,
          uniq_blork_the_orc

Skill      XL: |  1  2  3  4  5  6  7 |
---------------+----------------------+-----
Maces & Flails | 2 3 5 6 |  6.7
Evocations     | 1 2 |  2.0
Fighting       | |  2.7
Armour         | |  2.4
Shields        | |  2.7

Action                     |  1- 3 |  4- 6 |  7- 9 || total
---------------------------+-------+-------+-------++-------
  Melee: Flail             |   100 |     6 |       ||   106
         Bite              |    22 |    30 |    11 ||    63
         Mace              |       |   101 |    36 ||   137
   Stab: Sleeping          |       |     3 |       ||     3
 Armour: Scale mail        |    70 |    74 |    30 ||   174
  Dodge: Dodged            |    58 |    38 |    13 ||   109
  Block: Buckler           |    25 |    31 |     6 ||    62

Table legend: (Time is in decaauts)
 A = Elapsed time spent in this place.
 B = Non-inter-level travel time spent in this place.
 C = Inter-level travel time spent in this place.
 D = Time resting spent in this place.
 E = Time spent auto-exploring this place.
 F = Levels seen in this place.
 G = Mean time per level.
                   A        B        C        D        E       F      G
               +--------+--------+--------+--------+--------+-----+--------+
         Total |   3733 |   3423 |    310 |    117 |   2656 |   5 |  746.6 |
       Dungeon |   3733 |   3423 |    310 |    117 |   2656 |   5 |  746.6 |
               +--------+--------+--------+--------+--------+-----+--------+

Top non-repeatable levels by time:
     D:2: 1209 daAuts
     D:1: 865 daAuts
     D:4: 851 daAuts
     D:3: 740 daAuts
     D:5: 67 daAuts
